 Dungeon Crawl Stone Soup version 0.18-a0-1351-gaffb144 (console) character file.

7714 sorlin the Carver (level 11, -4/79 HPs)
             Began as a Formicid Fighter on Feb 19, 2016.
             Was a High Priest of Nemelex Xobeh.
             Engulfed by an ice statue's freezing vapour (15 damage)
             ... in an ice cave.
             The game lasted 00:41:24 (10860 turns).

sorlin the Carver (Formicid Fighter)               Turns: 10860, Time: 00:41:25

Health: -4/79      AC: 13    Str: 22    XL:     11   Next: 42%
Magic:  16/16      EV: 13    Int:  7    God:    Nemelex Xobeh [*****.]
Gold:   720        SH: 10    Dex: 16    Spells: 0 memorised, 10 levels left

rFire  . . .     SeeInvis +     a - +1 long sword
rCold  . . .     Gourm    .     W - +0 chain mail of Untold Secrets {MR+ Regen+}
rNeg   . . .     Faith    .     c - +0 shield
rPois  .         Spirit   .     (helmet unavailable)
rElec  .         Dismiss  .     I - +2 cloak
rCorr  .         Reflect  .     (no gloves)
SustAt .         Harm     .     (no boots)
MR     ++...                    (no amulet)
Stlth  ..........               p - +3 ring of dexterity
                                i - +6 ring of evasion {=R}

@: very resistant to hostile enchantments, extremely unstealthy
A: permanent stasis, dig shafts and tunnels, four strong arms, antennae 3,
subdued magic 1, sturdy frame 1
a: Dig, Shaft Self, Triple Draw, Deal Four, Stack Five, Renounce Religion


You were in an ice cave.
You worshipped Nemelex Xobeh.
Nemelex Xobeh was extremely pleased with you.
You were hungry.

You visited 2 branches of the dungeon, and saw 12 of its levels.
You also visited: Ice Cave.

You collected 720 gold pieces.

Inventory:

Hand Weapons
 a - a +1 long sword (weapon)
 b - a +0 falchion of holy wrath
 k - a +1 great sword
Missiles
 y - 9 javelins
 A - 4 silver tomahawks (quivered)
 B - 63 sling bullets
 R - 7 needles of slowing
Armour
 c - a +0 shield (worn)
 I - a +2 cloak (worn)
 W - the +0 chain mail of Untold Secrets (worn) {MR+ Regen+}
   (You found it on level 9 of the Dungeon)

   It affects your resistance to hostile enchantments.
   It increases your rate of regeneration.
Jewellery
 i - a +6 ring of evasion (left hand) {=R}
 n - an uncursed ring of wizardry
 o - an uncursed ring of positive energy
 p - a +3 ring of dexterity (right hand)
Wands
 g - a wand of random effects (24/48)
 v - a wand of lightning (1/15)
 x - a wand of slowing (2/48)
Scrolls
 l - 3 scrolls of remove curse
 m - 2 scrolls of enchant weapon
 D - 3 scrolls of enchant armour
 M - a scroll of recharging
 N - a scroll of identify
 Q - a scroll of amnesia
Potions
 d - 4 potions of might
 e - a potion of brilliance
 j - 6 potions of cure mutation
 q - 6 potions of ambrosia
 r - a potion of agility
 s - a potion of degeneration {unknown}
 t - 2 potions of resistance
 G - 3 potions of heal wounds
 L - 7 potions of curing
 O - a potion of lignification
 T - a potion of flight {unknown}
 X - a potion of invisibility {unknown}
Books
 H - a book of Beasts

   Spells                             Type                      Level
   a - Summon Butterflies             Summoning                    1
   b - Call Canine Familiar           Summoning                    3
   c - Summon Ice Beast               Ice/Summoning                4
   d - Summon Mana Viper              Hexes/Summoning              5
   e - Summon Hydra                   Summoning                    7
Miscellaneous
 h - a plain deck of destruction
 u - a plain deck of war
 C - a plain deck of escape
 E - a plain deck of escape
 F - a plain deck of war {drawn: 9}
 K - a plain deck of destruction {drawn: 3}
 P - a plain deck of escape
 U - a plain deck of destruction
 V - a legendary deck of war {drawn: 2}
Comestibles
 f - 10 bread rations
 w - 5 beef jerkies
 z - 5 meat rations
 J - 11 fruits


   Skills:
 - Level 5.0 Fighting
 * Level 13.5 Long Blades
 - Level 5.0 Armour
 - Level 6.0 Stealth
 - Level 3.6 Shields
 + Level 7.5 Evocations


You had 10 spell levels left.
You didn't know any spells.

Dungeon Overview and Level Annotations

Branches:
Dungeon (11/15)            Temple (0/1) D:6            Lair (1/8) D:10
    Orc (0/2) D:10

Altars:
Ashenzari
Makhleb
Nemelex Xobeh
Pakellas
Ru
Trog
Vehumet
Yredelemnul
Zin

Annotations:
IceCv exclusion: 2 ice statues


Innate Abilities, Weirdness & Mutations

You are under a permanent stasis effect.
You can dig through walls and to a lower floor.
Your four strong arms can wield two-handed weapons with a shield.
You have a pair of large antennae on your head (SInv).
Your spells are a little easier to cast, but a little less powerful.
Your movements are slightly less encumbered by armour (ER -2).


Message History

Found a scroll of remove curse and a scroll of identify.
You hit the ice statue but do no damage.
You are engulfed in freezing vapours.
What do you say? t - Shout!
Orders for allies: a - Attack new target. r - Retreat! s - Stop attacking. w - Wait here. f - Follow me.
Anything else - Stay silent.
Gang up on whom?
Press: ? - help, Dir - move target cursor, f - ice statue
Aim: an ice statue (freezing vapour) Attack!
You are engulfed in freezing vapours.
The ice statue glitters chillingly in the dim dungeon light.
You are engulfed in freezing vapours.
* * * LOW HITPOINT WARNING * * *
Your executioner's axe of speed is engulfed in freezing vapours.
You are engulfed in freezing vapours.
You die...
Your body glows slightly and disappears.

.............#
..............#
......⌠.......#
...............#
..............#
.............#
........§§§..#
#.......§(Y.#
#8#...@§#8##
##..§#### #...##
##...# ##...#
#...## ##...##
##.....##
###...∩...#
#.#...∩...#


You could see an ice beast and a friendly executioner's axe of speed.

Vanquished Creatures
  The ghost of sorlin the Slasher, a novice FoFi of Makhleb (D:4)
  A komodo dragon (D:10)
  An ice devil (IceCv)
  2 trolls
  4 hippogriffs
  A water moccasin (D:8)
  6 sky beasts
  7 orc warriors
  3 ice beasts
  2 phantoms
  4 ogres
  3 black bears
  3 centaurs
  2 crocodiles
  4 giant frogs
  3 scorpions
  A killer bee (D:4)
  9 wights
  4 crimson imps
  2 jellies
  2 centaur zombies
  2 giant frog zombies
  4 hounds
  4 orc priests
  2 giant frog skeletons
  11 orc wizards
  Natasha (twice) (D:4)
  4 iguanas
  5 worker ants
  A hound zombie (D:6)
  A hound skeleton (D:8)
  A worker ant zombie (D:5)
  8 gnolls
  12 adders
  12 white imps (Lair:1)
  2 oozes
  2 adder zombies
  An adder skeleton (D:7)
  A worm (D:3)
  5 giant geckos
  41 orcs
  2 ball pythons
  9 giant cockroaches
  4 hobgoblins (D:1)
  6 jackals
  A kobold (D:3)
  3 quokkas
  2 bats
  A giant gecko skeleton (D:8)
  5 giant newts
  6 goblins
  8 rats
233 creatures vanquished.

Vanquished Creatures (collateral kills)
  3 ice devils (IceCv)
  Grinder (D:4)
  Edmund (D:4)
  An orc warrior (D:6)
  An ice beast (D:5)
  A phantom (D:6)
  A jelly (D:6)
  An orc priest (D:10)
  A centaur skeleton (D:5)
  An orc wizard (D:10)
  3 orcs
  3 giant cockroaches
  3 butterflies (D:6)
21 creatures vanquished.

Vanquished Creatures (others)
  A fungus (Lair:1)
  A plant (D:10)
2 creatures vanquished.

Grand Total: 256 creatures vanquished

Notes
Turn   | Place    | Note
--------------------------------------------------------------
     0 | D:1      | sorlin the Formicid Fighter began the quest for the Orb.
     0 | D:1      | Reached XP level 1. HP: 18/18 MP: 1/1
    66 | D:1      | Reached skill level 1 in Stealth
   117 | D:1      | Reached XP level 2. HP: 20/24 MP: 2/2
   228 | D:1      | You fall through a shaft!
   488 | D:2      | Found a sparkling altar of Nemelex Xobeh.
   492 | D:2      | Became a worshipper of Nemelex Xobeh the Trickster
  1019 | D:1      | Reached XP level 3. HP: 29/29 MP: 3/3
  1048 | D:3      | Received a gift from Nemelex Xobeh
  1109 | D:3      | Found an oddly glowing altar of Pakellas.
  1144 | D:3      | Reached XP level 4. HP: 32/35 MP: 4/4
  1340 | D:3      | Reached skill level 4 in Long Blades
  1340 | D:3      | Reached XP level 5. HP: 36/41 MP: 5/5
  1542 | D:4      | Received a gift from Nemelex Xobeh
  1544 | D:4      | Noticed a phantom
  1581 | D:4      | Reached * piety under Nemelex Xobeh
  1764 | D:4      | Noticed Grinder
  1801 | D:5      | Entered Level 5 of the Dungeon
  1833 | D:5      | Received a gift from Nemelex Xobeh
  2033 | D:5      | Noticed an ice beast
  2039 | D:5      | Killed an ice beast
  2039 | D:5      | Reached skill level 5 in Long Blades
  2039 | D:5      | Reached XP level 6. HP: 47/47 MP: 6/6
  2428 | D:5      | Noticed an ogre
  2440 | D:5      | Killed an ogre
  2440 | D:5      | Reached skill level 5 in Stealth
  2440 | D:5      | Reached XP level 7. HP: 52/52 MP: 7/7
  2506 | D:5      | Reached skill level 6 in Long Blades
  3276 | D:4      | Reached ** piety under Nemelex Xobeh
  3276 | D:4      | Noticed Natasha
  3286 | D:4      | Killed Natasha
  3460 | D:4      | Received a gift from Nemelex Xobeh
  3763 | D:4      | Killed Grinder
  3763 | D:4      | Reached skill level 7 in Long Blades
  3763 | D:4      | Reached XP level 8. HP: 58/58 MP: 8/8
  3792 | D:4      | Noticed sorlin's ghost (novice FoFi)
  3801 | D:4      | Killed sorlin's ghost
  3848 | D:4      | Noticed Sigmund
  3850 | D:4      | Noticed Sigmund
  3850 | D:4      | Sigmund changed into Sigmund the killer bee
  3875 | D:4      | Killed Sigmund the killer bee
  3875 | D:4      | Reached skill level 8 in Long Blades
  3883 | D:4      | Noticed Edmund
  3888 | D:4      | Killed Edmund
  3954 | D:4      | Noticed Natasha
  3960 | D:4      | Killed Natasha
  4079 | D:4      | Reached skill level 5 in Armour
  4364 | D:6      | Received a gift from Nemelex Xobeh
  4369 | D:6      | Reached XP level 9. HP: 64/64 MP: 9/9
  4406 | D:6      | Reached skill level 9 in Long Blades
  4515 | D:6      | Found a sacrificial altar of Ru.
  4577 | D:6      | Found a staircase to the Ecumenical Temple.
  4949 | D:6      | Reached *** piety under Nemelex Xobeh
  5649 | D:6      | Reached skill level 5 in Fighting
  5666 | D:6      | Reached skill level 10 in Long Blades
  5691 | D:6      | Reached skill level 1 in Evocations
  5938 | D:7      | Received a gift from Nemelex Xobeh
  6528 | D:7      | Reached XP level 10. HP: 74/74 MP: 12/12
  7042 | D:8      | Reached skill level 11 in Long Blades
  7498 | D:8      | Gained mutation: Your spells are a little easier to cast, but a little less powerful. [mutagenic meat]
  7499 | D:8      | Gained mutation: You are partially covered in icy blue scales (AC +1). [mutagenic meat]
  7500 | D:8      | Gained mutation: You occasionally shout uncontrollably at your foes. [mutagenic meat]
  7502 | D:8      | Gained mutation: You possess an exceptional clarity of mind. [mutagenic meat]
  7560 | D:8      | Gained mutation: Armour fits poorly on your strangely shaped body. [mutagenic meat]
  7561 | D:8      | Lost mutation: You possess an exceptional clarity of mind. [potion of cure mutation]
  7561 | D:8      | Lost mutation: Armour fits poorly on your strangely shaped body. [potion of cure mutation]
  7561 | D:8      | Lost mutation: You occasionally shout uncontrollably at your foes. [potion of cure mutation]
  7561 | D:8      | Lost mutation: You are partially covered in icy blue scales (AC +1). [potion of cure mutation]
  7569 | D:8      | Received a gift from Nemelex Xobeh
  7687 | D:8      | Found a radiant altar of Vehumet.
  7688 | D:8      | Found a sacrificial altar of Ru.
  7688 | D:8      | Found a sparkling altar of Nemelex Xobeh.
  7702 | D:8      | Reached skill level 5 in Evocations
  7762 | D:8      | Found a glowing silver altar of Zin.
  7762 | D:8      | Found a burning altar of Makhleb.
  7763 | D:8      | Found a shattered altar of Ashenzari.
  7950 | D:8      | Gained mutation: Your movements are slightly less encumbered by armour (ER -2). [mutagenic meat]
  8272 | D:9      | Reached skill level 12 in Long Blades
  8703 | D:9      | Received a gift from Nemelex Xobeh
  8712 | D:9      | Got an ichor-stained chain mail
  8751 | D:9      | Identified the cursed +0 chain mail of Untold Secrets {MR+ Regen+} (You found it on level 9 of the Dungeon)
  8863 | D:9      | Reached **** piety under Nemelex Xobeh
  9194 | D:9      | Found a bloodstained altar of Trog.
  9327 | D:10     | Entered Level 10 of the Dungeon
  9329 | D:10     | Found a staircase to the Orcish Mines.
  9343 | D:9      | Reached XP level 11. HP: 67/79 MP: 15/15
  9848 | D:10     | Reached skill level 13 in Long Blades
  9910 | D:10     | Found a staircase to the Lair.
 10227 | D:10     | Found a basalt altar of Yredelemnul.
 10447 | D:10     | Received a gift from Nemelex Xobeh
 10639 | Lair:1   | Entered Level 1 of the Lair of Beasts
 10639 | Lair:1   | Reached ***** piety under Nemelex Xobeh
 10675 | Lair:1   | Found a frozen archway.
 10766 | IceCv    | Entered an ice cave
 10793 | IceCv    | Drew Focus: Str increased to 22, Int decreased to 7
 10860 | IceCv    | Engulfed by an ice statue's freezing vapour

Vault maps used:
D:1:      minmay_arrival_doors
D:2:      nemelex_lonely_heart_becter
D:3:      first_bread, johnstein_pakellas_death_squad
D:4:      uniq_grinder, uniq_sigmund, uniq_edmund, uniq_natasha
D:6:      minmay_temple_entry_butterflies, nicolae_ru_the_path_less_chosen
D:8:      grunt_temple_overflow_open, grunt_ogre_cave
D:9:      minmay_diamond_stairs, bloody_trog
D:10:     david_lair_shrubbed, david_orc_2, basic_altar
D:11:     serial_co_window_serial, co_window_corner_a, co_window_paths_a,
          co_window_paths_a, co_window_corner_a, co_window_of_opportunity_a,
          co_window_of_opportunity_b, co_window_corner_ca, co_window_corner_ca,
          co_window_broadway_a, co_window_4corner_b, glass_columns_a,
          uniq_fannar, uniq_maurice
Lair:1:   portal_ice_cave_entry_imps, infiniplex_staircase_pool_2
IceCv:    ice_cave_tombish

Action                   |  1- 3 |  4- 6 |  7- 9 | 10-12 || total
-------------------------+-------+-------+-------+-------++-------
Melee: Long sword        |    69 |    88 |   342 |   505 ||  1004
       Falchion          |       |    12 |    71 |    60 ||   143
Throw: Tomahawk          |       |     8 |     8 |     2 ||    18
 Abil: Dig               |       |       |       |     7 ||     7
Evoke: Deck              |     2 |     1 |     5 |     6 ||    14
       Wand              |       |     7 |    13 |    15 ||    35
  Use: Scroll            |       |     4 |    13 |     6 ||    23
       Potion            |       |       |       |     2 ||     2
  Eat: Chunk             |     1 |     4 |    11 |    19 ||    35
       Royal jelly       |       |       |     1 |       ||     1
       Pizza             |       |       |       |     1 ||     1
       Beef jerky        |       |       |       |     1 ||     1
